 Dungeon Crawl Stone Soup version 0.30.0-29-ga12c61a403 (webtiles) character file.

Game seed: 10984984640425827131

257 Graphine the Ducker (level 6, -1/69 (72) HPs)
             Began as a Merfolk Gladiator on June 21, 2023.
             Succumbed to Crazy Yiuf's poison
             ... on level 2 of the Dungeon.
             The game lasted 00:02:54 (2124 turns).

Graphine the Ducker (Merfolk Gladiator)             Turns: 2124, Time: 00:02:54

HP:   -1/69 (72)    AC: 23    Str: 14    XL:     6   Next: 16%
MP:   6/6           EV:  2    Int:  8    God:
Gold: 89            SH:  0    Dex: 17    Spells: 5/5 levels left

rFire   . . .        a - +0 long sword
rCold   . . .        (no shield)
rNeg    . . .        b - melded +0 leather armour
rPois   +            c - melded +0 helmet
rElec   .            (cloak currently unavailable)
rCorr   .            (gloves currently unavailable)
SInv    .            (boots currently unavailable)
Will    .....        g - amulet of the acrobat
Stlth   ++           (no ring)
HPRegen 0.31/turn    (no ring)
MPRegen 0.10/turn

%: acrobat
@: mighty, agile, lethally poisoned (-1 -> -9), tree-form, hasted, lightly
drained, very quick
A: stationary, stasis, torment immunity, boosted hp, (nimble swimmer 2),
(mertail)
a: no special abilities


You were on level 2 of the Dungeon.
You were a tree.
You visited 1 branch of the dungeon, and saw 2 of its levels.

You collected 89 gold pieces.

Inventory:

Hand Weapons
 a - a +0 long sword (weapon)
Missiles
 d - 3 throwing nets (quivered)
 e - a javelin
Armour
 b - a +0 leather armour (melded)
 c - a +0 helmet (melded)
Jewellery
 g - an amulet of the acrobat (around neck)
Scrolls
 j - a scroll of identify
 l - a scroll of blinking {unknown}
Potions
 k - a potion of mutation {unknown}


   Skills:
 + Level 3.9 Fighting
 + Level 5.0 Long Blades
 + Level 3.5 Throwing
 + Level 5.5 Dodging


You had 5 spell levels left.
You didn't know any spells.
Your spell library contained the following spells:

 Spells                   Type           Power      Damage    Failure   Level
 Cigotuvi's Dreadful Rot  Necr/Pois/Air  0%         N/A       54%         2
 Ensorcelled Hibernation  Hex/Ice        0%         N/A       54%         2
 Passwall                 Tmut/Erth      0%         N/A       54%         2
 Ignite Poison            Fire/Tmut/Pois 0%         N/A       78%         3
 Swiftness                Air            0%         N/A       78%         3
 Freezing Cloud           Conj/Ice/Air   0%         6-21      100%        5


Dungeon Overview and Level Annotations

Branches:
Dungeon (2/15)

Altars:

Shops:
D:2 ?

Annotations:
D:2 Crazy Yiuf


Innate Abilities, Weirdness & Mutations

You are a tree.
Your roots penetrate the ground, keeping you stationary.
You cannot be teleported.
You are immune to unholy pain and torment.
Your maximum health is greatly increased.
Your equipment is partially melded.
((You are very nimble when in or above water. (Stealth+, EV+, Speed+++)))
((Your lower body shifts to a powerful aquatic tail in water.))


Message History

You feel drained.
You closely miss Crazy Yiuf.
Crazy Yiuf says, "Proton snockshim spinner!"
Crazy Yiuf hits you with a +3 quarterstaff of chaos.
You feel agile all of a sudden.
You hit Crazy Yiuf.
Crazy Yiuf is lightly wounded.
Crazy Yiuf closely misses you.
You hit Crazy Yiuf.
Crazy Yiuf is moderately wounded.
Crazy Yiuf closely misses you.
You hit Crazy Yiuf.
Crazy Yiuf is heavily wounded.
Crazy Yiuf hits you with a +3 quarterstaff of chaos!
You are lethally poisoned!
You hit Crazy Yiuf but do no damage.
Crazy Yiuf is heavily wounded.
* * * LOW HITPOINT WARNING * * *
You feel very sick.
Crazy Yiuf grits, "Candle shoe sing-song!"
Crazy Yiuf completely misses you.
Really quaff the potion of lignification?
You turn into a tree.
Your +0 helmet melds into your body.
Your +0 leather armour melds into your body.
Your roots penetrate the ground.
You feel very sick.
Crazy Yiuf hits you with a +3 quarterstaff of chaos.
* * * LOW HITPOINT WARNING * * *
Crazy Yiuf freezes you.
* * * LOW HITPOINT WARNING * * *
It was a potion of might.
You feel very mighty all of a sudden.
* * * LOW HITPOINT WARNING * * *
You feel very sick.
Crazy Yiuf cries, "You leg down broken song, no?"
Crazy Yiuf hits you with a +3 quarterstaff of chaos!
* * * LOW HITPOINT WARNING * * *
You feel mightier all of a sudden.
It was a potion of haste.
You feel yourself speed up.
You die...

#......# ###.##
###.##.# #....#
########## #.##.#
#.#..# #........#
#.##.########
########.# #.....#
#.### ##...## ♣♣♣♣♣###
#.#.. #####...# ###
♣♣♣.♣..+.## #.#.#
..|##...#
#...#♣..♣......###.#.#
##.##...##
#...g♣♣♣♣♣......##.#.#
#........# #)..#♣♣
♣♣.+...##.#.#
...##...## ###
♣♣###.##.#.# ##.##...#
#.......# ##.##...#
##.###### .#.##...#
##### ### #.#
.#.##...####...# #.#
#.#
...............####.#
#.# ####
......#####...##....#
#.# #...


You could see Crazy Yiuf.

Vanquished Creatures
  Sigmund (D:2)
  Robin (D:2)
  2 gnolls (D:1)
  3 dart slugs
  4 ball pythons
  4 endoplasms (D:1)
  3 giant cockroaches
  8 goblins
  10 hobgoblins
  4 quokkas
  2 bats (D:1)
  2 frilled lizards (D:1)
  2 kobolds (D:1)
  3 rats (D:1)
49 creatures vanquished.

Notes
Turn   | Place    | Note
-------+----------+-------------------------------------------
     0 | D:1      | Graphine the Merfolk Gladiator began the quest for the Orb.
     0 | D:1      | Reached XP level 1. HP: 16/16 MP: 1/1
   167 | D:1      | Reached XP level 2. HP: 20/23 MP: 2/2
   464 | D:1      | Reached XP level 3. HP: 27/28 MP: 3/3
   601 | D:1      | Found a faded altar of an unknown god.
  1177 | D:2      | Noticed Sigmund
  1189 | D:2      | Reached XP level 4. HP: 19/35 MP: 4/4
  1201 | D:2      | Killed Sigmund
  1202 | D:2      | Reached skill level 5 in Dodging
  1202 | D:2      | Reached XP level 5. HP: 20/42 MP: 5/5
  1202 | D:2      | Reached XP level 6. HP: 23/48 MP: 6/6
  1362 | D:2      | Identified the staff of fire "Hal Ahal" {rF+ rC+}
  1487 | D:2      | Reached skill level 5 in Long Blades
  1526 | D:2      | Found Beskong's Magic Scroll Shoppe.
  1620 | D:2      | Noticed Robin
  1633 | D:2      | Killed Robin
  1952 | D:2      | Found a runed translucent door.
  1953 | D:2      | Noticed Crazy Yiuf
  2123 | D:2      | HP: 1/69 [Crazy Yiuf/+3 quarterstaff of chaos (8)]
  2124 | D:2      | Succumbed to Crazy Yiuf's poison

Illustrated notes

Levels and vault maps discovered:
D:1:      nicolae_arrival_washed_ashore, layout_loops_corners,
          basic_ecumenical_altar
D:2:      layout_loops_ring, serial_shops, shop, uniq_sigmund, uniq_robin,
          uniq_crazy_yiuf_cottage

Skill      XL: |  1  2  3  4  5  6 |
---------------+-------------------+-----
Long Blades    | 4 5 |  5.0
Fighting       | 3 |  3.9
Throwing       | 3 |  3.5
Dodging        | 5 |  5.5

Action                     |  1- 3 |  4- 6 || total
---------------------------+-------+-------++-------
  Melee: Long sword        |   101 |    74 ||   175
    Use: Scroll            |     4 |       ||     4
         Potion            |       |     4 ||     4
   Stab: Sleeping          |     1 |     1 ||     2
 Armour: Leather armour    |    29 |     9 ||    38
         Skin              |       |     4 ||     4
  Dodge: Dodged            |    72 |    41 ||   113
